Punishers vs Monarchs

Created - February 8, 2018 at 19:20

Goals
1 2 3 OT1 T
Punishers 3 1 1 0 5
Monarchs 2 0 3 1 6
Shots
1 2 3 OT1 T
Punishers 19 9 7 4 39
Monarchs 10 6 14 2 32

1st period

1. Punishers , Robbie Earl 26 (David Laliberté 27, Nick Schultz 21) at 10:49
2. Monarchs , Eric Wellwood 31 (Tyler Toffoli 31) at 14:46
3. Punishers , Tanner Glass 17 (Casey Cizikas 24, Stefan Elliott 23) at 15:42
4. Punishers , Miikka Salomaki 6 (Luke Adam 17, Nick Schultz 22) at 16:39
5. Monarchs , Brock Nelson 28 (Igor Makarov 2, Ty Wishart 8) at 17:57

Penalties :
Tom Pyatt (MAN) for Hooking (Minor) at 0:40, Robbie Earl (Pro) for Hooking (Minor) at 18:59

2nd period

6. Punishers , David Rundblad 8 (Mattias Tedenby 23, Nick Schultz 23) at 2:29 (PP)

Penalties :
Nail Yakupov (MAN) for High sticking (Minor) at 1:30, Mattias Tedenby (Pro) for Holding (Minor) at 14:20

3rd period

7. Monarchs , Colton Parayko 1 (Chris Tierney 16) at 4:46
8. Monarchs , Hampus Lindholm 8 (Connor Brown 28, Tyler Toffoli 32) at 8:41 (PP)
9. Punishers , Zack Hamill 17 (Robbie Earl 43) at 8:55
10. Monarchs , Eric Wellwood 32 (Connor Brown 29, Brock Nelson 22) at 17:38

Penalties :
Ludwig Bystrom (MAN) for Hooking (Minor) at 2:37, Robbie Earl (Pro) for Holding (Minor) at 8:38, Colton Parayko (MAN) for Tripping (Minor) at 10:43, Robbie Earl (Pro) for Holding (Minor) at 12:34, Luke Adam (Pro) for Hooking (Minor) at 17:47

Overtime #1

11. Monarchs , Cam Atkinson 26 (Matt Tennyson 26) at 2:12

Penalties :
No Penalty

Goalie Stats

Niklas Svedberg (Pro), 26 saves from 32 shots - (0.813), OTL, 18-18-7, 62:12 minutes
John Gibson (MAN), 34 saves from 39 shots - (0.872), W, 16-11-6, 62:12 minutes

Players Stats for Punishers

Player Name              G  A  P  +/- PIM S  H  SB GA TA FO     MP     PP MP  PK MP  
------------------------------------------------------------------------------------
Carter Ashton            0  0  0   0  0   0  0  0  1  0  0/0     6:15   0:00   0:00 
Casey Cizikas            0  1  1   0  0   0  1  0  1  0  5/8    16:01   2:22   1:53 
Colton Gillies           0  0  0   0  0   3  1  1  1  0  1/1    10:45   0:00   0:02 
Damon Severson           0  0  0  -2  0   0  1  0  0  1  0/0    21:03   1:42   3:04 
David Laliberté          0  1  1  -1  0   4  1  1  2  0  0/1    22:38   4:26   1:21 
David Rundblad           1  0  1   2  0   4  1  2  1  0  0/0    27:18   5:06   4:25 
Garret Ross              0  0  0   0  0   2  0  0  0  0  0/0     8:27   0:00   1:42 
Jordan Schmaltz          0  0  0   0  0   0  0  0  0  0  0/0    11:01   0:00   0:22 
Luke Adam                0  1  1   0  2   3  0  0  1  0  3/11   10:56   0:00   0:02 
Mattias Tedenby          0  1  1   0  2   4  1  0  1  0  0/0    15:52   2:22   0:00 
Miikka Salomaki          1  0  1   0  0   2  0  0  0  0  0/3    12:45   0:00   2:12 
Nick Schultz             0  3  3   1  0   0  1  5  0  0  0/0    30:08   5:06   4:25 
Oscar Sundqvist          0  0  0   0  0   1  0  1  0  0  0/1     6:15   0:00   0:00 
Patrick Wiercioch        0  0  0   0  0   0  0  0  0  0  0/0    10:39   0:00   0:00 
Robbie Earl              1  1  2   0  6   3  4  1  0  1  6/9    23:26   4:25   2:23 
Stefan Elliott           0  1  1  -2  0   4  0  1  0  1  0/0    21:03   1:42   3:04 
Tanner Glass             1  0  1  -1  0   4  0  1  1  0  0/1    18:09   2:22   1:52 
Trevor Van Riemsdyk      0  0  0  -1  0   0  0  0  0  0  0/0     3:12   0:00   0:22 
Zack Hamill              1  0  1   0  0   5  3  3  0  3  20/35  24:51   4:26   4:15 

Players Stats for Monarchs

Player Name              G  A  P  +/- PIM S  H  SB GA TA FO     MP     PP MP  PK MP  
------------------------------------------------------------------------------------
Alec Martinez            0  0  0   3  0   0  0  1  0  2  0/0     9:01   0:00   2:47 
Boone Jenner             0  0  0   0  0   0  1  0  1  0  0/1     9:01   1:52   0:00 
Brock Nelson             1  1  2  -1  0   3  1  0  1  1  0/0    15:56   2:36   0:23 
Cam Atkinson             1  0  1   1  0   4  0  1  0  2  0/0    15:57   0:00   4:03 
Chris Tierney            0  1  1   0  0   1  0  0  0  1  6/14   16:52   2:36   1:20 
Colton Parayko           1  0  1   0  2   1  4  2  0  0  0/0    23:44   5:18   2:07 
Connor Brown             0  2  2   2  0   5  3  0  1  0  1/1    18:25   4:05   0:00 
Eric Wellwood            2  0  2   1  0   4  2  1  0  1  0/0    21:32   3:02   2:39 
Hampus Lindholm          1  0  1  -1  0   5  1  2  0  1  0/0    25:19   5:37   0:40 
Igor Makarov             0  1  1  -1  0   0  3  0  0  0  0/0    12:17   0:00   0:00 
Ludwig Bystrom           0  0  0   2  2   0  1  1  0  0  0/0    10:16   0:22   0:00 
Matt Tennyson            0  1  1   0  0   1  3  1  1  0  0/0    21:06   1:29   4:01 
Morgan Rielly            0  0  0  -1  0   1  0  0  0  0  0/0     5:57   0:00   0:00 
Nail Yakupov             0  0  0   0  2   0  1  0  0  0  0/1    10:37   2:36   0:00 
Riley Cote               0  0  0   0  0   0  2  1  0  0  3/7    11:19   0:22   3:59 
T.J Brodie               0  0  0   0  0   0  0  1  0  0  0/0    10:36   0:00   0:00 
Teuvo Teravainen         0  0  0  -1  0   1  4  1  2  0  0/0    15:24   4:05   0:00 
Tom Pyatt                0  0  0  -1  2   3  1  0  0  1  8/14   12:39   0:00   1:12 
Ty Wishart               0  1  1   0  0   1  0  1  0  0  0/0    15:33   0:22   4:01 
Tyler Toffoli            0  2  2   1  0   2  1  0  0  0  17/32  20:17   4:53   0:00 

3 Stars

1 - Eric Wellwood (MAN)
2 - Nick Schultz (Pro)
3 - Connor Brown (MAN)

Power Play

Punishers - 1 on 4 Attempt(s) - 25.00%
Monarchs - 1 on 5 Attempt(s) - 20.00%

Penalty Kill

Punishers - 4 on 5 Attempt(s) - 80.00% - Score 0 goal in Penalty Kill
Monarchs - 3 on 4 Attempt(s) - 75.00% - Score 0 goal in Penalty Kill

Team Stat

Punishers - Hits : 14 - Faceoff Wins : 35 - Blocked Shots : 16 - Penalty Minutes : 10
Monarchs - Hits : 28 - Faceoff Wins : 35 - Blocked Shots : 13 - Penalty Minutes : 8

Official

Referees : Auger Stephane and Marouelli Dan
Linesman : Derek Nansen and Darren Gibbs

Game Notes

Morgan Rielly is injured at 18:41 of 1st period (Broken Bone (Left Leg))
Miikka Salomaki is injured at 19:10 of 3rd period (Strained Left Elbow)

Finance

Level 1 -- Attendance: 1344 (67.20%) -- Ticket Income $53,760
Level 2 -- Attendance: 780 (78.00%) -- Ticket Income $15,600
Total Attendance: 2124 (70.80%)
Total Ticket Income: $69,360
Other Income: $3,468
Total Income: $72,828

Punishers

5 vs 5 Forward 
   Center                   Left Wing                Right Wing               Time % Phy DF OF 
 1 Zack Hamill              Robbie Earl              David Laliberté          40     1   2  2  
 2 Casey Cizikas            Tanner Glass             Mattias Tedenby          30     1   2  2  
 3 Luke Adam                Colton Gillies           Miikka Salomaki          20     1   2  2  
 4 Oscar Sundqvist          Garret Ross              Carter Ashton            10     1   2  2  

5 vs 5 Defense 
   Defense                  Defense                                           Time % Phy DF OF 
 1 Nick Schultz             David Rundblad                                    40     1   2  2  
 2 Stefan Elliott           Damon Severson                                    30     1   2  2  
 3 Patrick Wiercioch        Jordan Schmaltz                                   20     1   2  2  
 4 Trevor Van Riemsdyk      Nick Schultz                                      10     1   2  2  

PowerPlay Forward 
   Center                   Left Wing                Right Wing               Time % Phy DF OF 
 1 Zack Hamill              Robbie Earl              David Laliberté          60     1   2  2  
 2 Casey Cizikas            Tanner Glass             Mattias Tedenby          40     1   2  2  

PowerPlay Defense
   Defense                  Defense                                           Time % Phy DF OF 
 1 Nick Schultz             David Rundblad                                    60     1   2  2  
 2 Stefan Elliott           Damon Severson                                    40     1   2  2  

Penalty Kill 4 Players Forward 
   Center                   Wing                     Time % Phy DF OF 
 1 Robbie Earl              Zack Hamill              60     1   2  2  
 2 Tanner Glass             David Laliberté          40     1   2  2  

Penalty Kill 4 Players Defense
   Defense                  Defense                  Time % Phy DF OF 
 1 Nick Schultz             David Rundblad           60     1   2  2  
 2 Stefan Elliott           Damon Severson           40     1   2  2  

Penalty Kill - 3 Players Forward 
   Forward                                           Time % Phy DF OF 
 1 Robbie Earl                                       60     1   2  2  
 2 Zack Hamill                                       40     1   2  2  

Penalty Kill - 3 Players Defense
   Defense                  Defense                  Time % Phy DF OF 
 1 Nick Schultz             David Rundblad           60     1   2  2  
 2 Stefan Elliott           Damon Severson           40     1   2  2  

4 vs 4 Forward 
   Center                   Wing                     Time % Phy DF OF 
 1 Robbie Earl              Zack Hamill              60     1   2  2  
 2 Tanner Glass             David Laliberté          40     1   2  2  

4 vs 4 Defense
   Defense                  Defense                  Time % Phy DF OF 
 1 Nick Schultz             David Rundblad           60     1   2  2  
 2 Stefan Elliott           Damon Severson           40     1   2  2  

Last Minutes Offensive
   Center                   Left Wing                Right Wing               Defense                  Defense                  
   Zack Hamill              Robbie Earl              David Laliberté          Nick Schultz             David Rundblad           

Last Minutes Defensive
   Center                   Left Wing                Right Wing               Defense                  Defense                  
   Zack Hamill              Robbie Earl              David Laliberté          Nick Schultz             David Rundblad           

Goaltenders
Starting : Niklas Svedberg          
Backup : Louis Domingue           

Extra Forwards
Normal : Luke Adam, Colton Gillies, Miikka Salomaki - PP : Luke Adam, Colton Gillies - PK : Miikka Salomaki
Extra Defensemen
Normal : Patrick Wiercioch, Jordan Schmaltz, Trevor Van Riemsdyk - PP : Patrick Wiercioch - PK : Jordan Schmaltz, Trevor Van Riemsdyk
Penalty Shots
Robbie Earl, Zack Hamill, Tanner Glass, David Laliberté, Casey Cizikas

Scratches
Radek Faksa (Healthy), Dan Bertram (Healthy), Quinton Howden (Healthy), Dylan DeMelo (Healthy), Erik Nystrom (Healthy)

Monarchs

5 vs 5 Forward 
   Center                   Left Wing                Right Wing               Time % Phy DF OF 
 1 Tyler Toffoli            Eric Wellwood            Connor Brown             35     1   1  3  
 2 Tom Pyatt                Teuvo Teravainen         Cam Atkinson             30     0   2  3  
 3 Chris Tierney            Brock Nelson             Igor Makarov             30     1   2  2  
 4 Boone Jenner             Riley Cote               Nail Yakupov             5      1   1  3  

5 vs 5 Defense 
   Defense                  Defense                                           Time % Phy DF OF 
 1 Hampus Lindholm          Colton Parayko                                    35     0   3  2  
 2 Matt Tennyson            Morgan Rielly                                     35     1   2  2  
 3 Ty Wishart               T.J Brodie                                        20     0   4  1  
 4 Ludwig Bystrom           Alec Martinez                                     10     1   3  1  

PowerPlay Forward 
   Center                   Left Wing                Right Wing               Time % Phy DF OF 
 1 Tyler Toffoli            Teuvo Teravainen         Connor Brown             60     0   1  4  
 2 Chris Tierney            Brock Nelson             Nail Yakupov             40     0   1  4  

PowerPlay Defense
   Defense                  Defense                                           Time % Phy DF OF 
 1 Morgan Rielly            Hampus Lindholm                                   60     0   2  3  
 2 Boone Jenner             Eric Wellwood                                     40     0   2  3  

Penalty Kill 4 Players Forward 
   Center                   Wing                     Time % Phy DF OF 
 1 Riley Cote               Cam Atkinson             60     0   4  1  
 2 Eric Wellwood            Tom Pyatt                40     0   4  1  

Penalty Kill 4 Players Defense
   Defense                  Defense                  Time % Phy DF OF 
 1 Ty Wishart               Matt Tennyson            60     1   4  0  
 2 Alec Martinez            Colton Parayko           40     1   4  0  

Penalty Kill - 3 Players Forward 
   Forward                                           Time % Phy DF OF 
 1 Riley Cote                                        60     1   2  2  
 2 Chris Tierney                                     40     1   2  2  

Penalty Kill - 3 Players Defense
   Defense                  Defense                  Time % Phy DF OF 
 1 Matt Tennyson            Ty Wishart               60     1   2  2  
 2 Alec Martinez            Colton Parayko           40     1   2  2  

4 vs 4 Forward 
   Center                   Wing                     Time % Phy DF OF 
 1 Tyler Toffoli            Eric Wellwood            60     1   2  2  
 2 Connor Brown             Cam Atkinson             40     1   2  2  

4 vs 4 Defense
   Defense                  Defense                  Time % Phy DF OF 
 1 Hampus Lindholm          Colton Parayko           60     1   2  2  
 2 Alec Martinez            Matt Tennyson            40     1   2  2  

Last Minutes Offensive
   Center                   Left Wing                Right Wing               Defense                  Defense                  
   Tyler Toffoli            Teuvo Teravainen         Connor Brown             Hampus Lindholm          Morgan Rielly            

Last Minutes Defensive
   Center                   Left Wing                Right Wing               Defense                  Defense                  
   Chris Tierney            Riley Cote               Cam Atkinson             Alec Martinez            Matt Tennyson            

Goaltenders
Starting : John Gibson              
Backup : Niklas Backstrom         

Extra Forwards
Normal : Nail Yakupov, Teuvo Teravainen, Connor Brown - PP : Riley Cote, Igor Makarov - PK : Chris Tierney
Extra Defensemen
Normal : Hampus Lindholm, Morgan Rielly, Matt Tennyson - PP : Colton Parayko - PK : Hampus Lindholm, Ludwig Bystrom
Penalty Shots
Brock Nelson, Riley Cote, Cam Atkinson, Igor Makarov, Boone Jenner

Scratches
Christophe Lalancette (Healthy), Dalton Smith (Healthy), Jamie McGinn (Healthy), Tyler McNeely (Healthy), Ryan White (Healthy)
Trevor Lewis (Healthy), Anthony Peluso (Healthy), Jake Muzzin (Healthy), Jeff Frazee (Healthy), Tyler Beskorowany (Healthy)

% Time on Ice - Punishers

Lines # - Real PCT - Wanted PCT - Time Play
Normal Forward
1 - 34% - 40% - 15:11
2 - 30% - 30% - 13:31
3 - 23% - 20% - 10:16
4 - 14% - 10% - 6:15
Normal Defense
1 - 36% - 40% - 16:14
2 - 34% - 30% - 15:30
3 - 24% - 20% - 10:39
4 - 6% - 10% - 2:50
PP Forward
1 - 65% - 60% - 4:26
2 - 35% - 40% - 2:22
PP Defense
1 - 75% - 60% - 5:06
2 - 25% - 40% - 1:42
PK Forward
1 - 80% - 60% - 6:18
2 - 20% - 40% - 1:33
PK Defense
1 - 61% - 60% - 4:47
2 - 39% - 40% - 3:04
PK3 Forward
1 - 0% - 60%
2 - 0% - 40%
PK3 Defense
1 - 0% - 60%
2 - 0% - 40%
44 Forward
1 - 83% - 60% - 1:56
2 - 17% - 40% - 0:24
44 Defense
1 - 66% - 60% - 1:33
2 - 34% - 40% - 0:47
Last Minute Offensive  - 0:00
Last Minute Defensive  - 0:00
Total
Forward - 62:12
Defense - 62:12

% Time on Ice - Monarchs

Lines # - Real PCT - Wanted PCT - Time Play
Normal Forward
1 - 31% - 35% - 14:03
2 - 26% - 30% - 11:57
3 - 27% - 30% - 12:17
4 - 15% - 5% - 6:56
Normal Defense
1 - 32% - 35% - 14:23
2 - 33% - 35% - 14:51
3 - 23% - 20% - 10:36
4 - 12% - 10% - 5:23
PP Forward
1 - 67% - 60% - 5:15
2 - 33% - 40% - 2:36
PP Defense
1 - 76% - 60% - 5:59
2 - 24% - 40% - 1:52
PK Forward
1 - 69% - 60% - 4:42
2 - 31% - 40% - 2:06
PK Defense
1 - 59% - 60% - 4:01
2 - 41% - 40% - 2:47
PK3 Forward
1 - 0% - 60%
2 - 0% - 40%
PK3 Defense
1 - 0% - 60%
2 - 0% - 40%
44 Forward
1 - 81% - 60% - 1:53
2 - 19% - 40% - 0:27
44 Defense
1 - 71% - 60% - 1:39
2 - 29% - 40% - 0:41
Last Minute Offensive  - 0:00
Last Minute Defensive  - 0:00
Total
Forward - 62:12
Defense - 62:12

Play by Play

1st period


0:01 of 1st period - Tyler Toffoli wins face-off versus Zack Hamill in neutral zone.
0:06 of 1st period - Snap shot by Connor Brown.
0:06 of 1st period - Stopped by Niklas Svedberg without a rebound.
0:07 of 1st period - Zack Hamill wins face-off versus Tyler Toffoli in Punishers zone.
0:18 of 1st period - Wrist shot by David Laliberté.
0:18 of 1st period - Deflect By Zack Hamill.
0:18 of 1st period - Stopped by John Gibson without a rebound.
0:19 of 1st period - Casey Cizikas wins face-off versus Tom Pyatt in Monarchs zone.
0:40 of 1st period - Minor Penalty to Tom Pyatt for Hooking.
0:41 of 1st period - Zack Hamill wins face-off versus Riley Cote in Monarchs zone.
2:40 of 1st period - Penalty to Tom Pyatt is over, Tom Pyatt is back on ice.
2:54 of 1st period - Colton Gillies is hit by Brock Nelson and loses puck.
3:07 of 1st period - Slapshot by Garret Ross.
3:07 of 1st period - Stopped by John Gibson with a rebound.
3:38 of 1st period - Wrist shot by Cam Atkinson.
3:38 of 1st period - Shot Misses the Net.
4:11 of 1st period - Luke Adam is hit by Boone Jenner and loses puck.
4:52 of 1st period - Robbie Earl is hit by Igor Makarov and loses puck.
5:57 of 1st period - Off-side.
5:58 of 1st period - Casey Cizikas wins face-off versus Chris Tierney in neutral zone.
6:09 of 1st period - Snap shot by Mattias Tedenby.
6:09 of 1st period - Stopped by John Gibson with a rebound.
6:11 of 1st period - Wrist shot by Tanner Glass.
6:11 of 1st period - Shot Misses the Net.
6:23 of 1st period - David Laliberté is hit by Eric Wellwood and loses puck.
6:28 of 1st period - Snap shot by Tyler Toffoli.
6:28 of 1st period - Stopped by Niklas Svedberg without a rebound.
6:29 of 1st period - Zack Hamill wins face-off versus Tyler Toffoli in Punishers zone.
6:40 of 1st period - Slapshot by Zack Hamill.
6:40 of 1st period - Shot Misses the Net.
7:22 of 1st period - Wrist shot by Tom Pyatt.
7:22 of 1st period - Stopped by Niklas Svedberg without a rebound.
7:23 of 1st period - Tom Pyatt wins face-off versus Luke Adam in Punishers zone.
7:48 of 1st period - Eric Wellwood is hit by Robbie Earl.
7:54 of 1st period - David Laliberté is hit by Eric Wellwood and loses puck.
8:28 of 1st period - Snap shot by Oscar Sundqvist.
8:28 of 1st period - Shot Misses the Net.
8:36 of 1st period - Snap shot by Oscar Sundqvist.
8:36 of 1st period - Shot Blocked by T.J Brodie.
8:38 of 1st period - Slapshot by Oscar Sundqvist.
8:38 of 1st period - Deflect By Garret Ross.
8:38 of 1st period - Stopped by John Gibson without a rebound.
8:39 of 1st period - Zack Hamill wins face-off versus Tyler Toffoli in Monarchs zone.
8:40 of 1st period - Snap shot by David Laliberté.
8:40 of 1st period - Stopped by John Gibson with a rebound.
8:48 of 1st period - Backhand shot by Eric Wellwood.
8:48 of 1st period - Shot Misses the Net.
8:50 of 1st period - Snap shot by Morgan Rielly.
8:50 of 1st period - Stopped by Niklas Svedberg with a rebound.
8:52 of 1st period - Wrist shot by Tyler Toffoli.
8:52 of 1st period - Stopped by Niklas Svedberg with a rebound.
9:29 of 1st period - Backhand shot by Luke Adam.
9:29 of 1st period - Shot Misses the Net.
9:31 of 1st period - Backhand shot by Colton Gillies.
9:31 of 1st period - Stopped by John Gibson with a rebound.
9:53 of 1st period - Snap shot by Tyler Toffoli.
9:53 of 1st period - Shot Blocked by David Rundblad.
9:55 of 1st period - Snap shot by Eric Wellwood.
9:55 of 1st period - Shot Blocked by Nick Schultz.
9:57 of 1st period - Slapshot by Tyler Toffoli.
9:57 of 1st period - Shot Misses the Net.
10:14 of 1st period - Icing by David Rundblad.
10:15 of 1st period - Zack Hamill wins face-off versus Chris Tierney in Punishers zone.
10:33 of 1st period - Snap shot by David Laliberté.
10:33 of 1st period - Stopped by John Gibson with a rebound.
10:35 of 1st period - Wrist shot by David Laliberté.
10:35 of 1st period - Shot Blocked by Matt Tennyson.
10:43 of 1st period - Wrist shot by David Laliberté.
10:43 of 1st period - Shot Misses the Net.
10:49 of 1st period - Snap shot by Robbie Earl.
10:49 of 1st period - Deflect By Brock Nelson.
10:49 of 1st period - Goal by Robbie Earl - Punishers : 1 - Monarchs : 0.
10:50 of 1st period - Tyler Toffoli wins face-off versus Casey Cizikas in neutral zone.
11:56 of 1st period - Slapshot by Garret Ross.
11:56 of 1st period - Shot Misses the Net.
12:34 of 1st period - Tanner Glass is hit by Matt Tennyson and loses puck.
13:26 of 1st period - Snap shot by Mattias Tedenby.
13:26 of 1st period - Stopped by John Gibson with a rebound.
13:28 of 1st period - Snap shot by Mattias Tedenby.
13:28 of 1st period - Shot Misses the Net.
13:30 of 1st period - Slapshot by Casey Cizikas.
13:30 of 1st period - Shot Misses the Net.
13:32 of 1st period - Wrist shot by Tanner Glass.
13:32 of 1st period - Stopped by John Gibson without a rebound.
13:33 of 1st period - Zack Hamill wins face-off versus Tyler Toffoli in Monarchs zone.
13:38 of 1st period - Snap shot by Zack Hamill.
13:38 of 1st period - Stopped by John Gibson with a rebound.
13:40 of 1st period - Snap shot by David Laliberté.
13:40 of 1st period - Stopped by John Gibson with a rebound.
13:46 of 1st period - Snap shot by Robbie Earl.
13:46 of 1st period - Stopped by John Gibson with a rebound.
13:48 of 1st period - Snap shot by Robbie Earl.
13:48 of 1st period - Shot Blocked by Eric Wellwood.
14:22 of 1st period - Slapshot by Carter Ashton.
14:22 of 1st period - Shot Hit the Post.
14:40 of 1st period - Snap shot by Connor Brown.
14:40 of 1st period - Stopped by Niklas Svedberg without a rebound.
14:41 of 1st period - Tyler Toffoli wins face-off versus Zack Hamill in Punishers zone.
14:46 of 1st period - Wrist shot by Eric Wellwood.
14:46 of 1st period - Goal by Eric Wellwood - Punishers : 1 - Monarchs : 1.
14:47 of 1st period - Zack Hamill wins face-off versus Tyler Toffoli in neutral zone.
14:56 of 1st period - Wrist shot by David Laliberté.
14:56 of 1st period - Stopped by John Gibson without a rebound.
14:57 of 1st period - Zack Hamill wins face-off versus Tyler Toffoli in Monarchs zone.
15:34 of 1st period - Slapshot by Robbie Earl.
15:34 of 1st period - Stopped by John Gibson without a rebound.
15:35 of 1st period - Tom Pyatt wins face-off versus Casey Cizikas in Monarchs zone.
15:38 of 1st period - Snap shot by Tanner Glass.
15:38 of 1st period - Shot Misses the Net.
15:40 of 1st period - Wrist shot by Casey Cizikas.
15:40 of 1st period - Shot Misses the Net.
15:42 of 1st period - Backhand shot by Tanner Glass.
15:42 of 1st period - Goal by Tanner Glass - Punishers : 2 - Monarchs : 1.
15:43 of 1st period - Tom Pyatt wins face-off versus Zack Hamill in neutral zone.
16:35 of 1st period - Wrist shot by Colton Gillies.
16:35 of 1st period - Shot Misses the Net.
16:37 of 1st period - Slapshot by Nick Schultz.
16:37 of 1st period - Deflect By Luke Adam.
16:37 of 1st period - Stopped by John Gibson with a rebound.
16:39 of 1st period - Snap shot by Miikka Salomaki.
16:39 of 1st period - Goal by Miikka Salomaki - Punishers : 3 - Monarchs : 1.
16:40 of 1st period - Zack Hamill wins face-off versus Tom Pyatt in neutral zone.
16:51 of 1st period - Wrist shot by Zack Hamill.
16:51 of 1st period - Shot Misses the Net.
16:53 of 1st period - Wrist shot by Zack Hamill.
16:53 of 1st period - Stopped by John Gibson with a rebound.
16:55 of 1st period - Slapshot by Stefan Elliott.
16:55 of 1st period - Shot Blocked by Teuvo Teravainen.
17:57 of 1st period - Snap shot by Brock Nelson.
17:57 of 1st period - Goal by Brock Nelson - Punishers : 3 - Monarchs : 2.
17:58 of 1st period - Zack Hamill wins face-off versus Tom Pyatt in neutral zone.
18:01 of 1st period - Teuvo Teravainen is hit by Robbie Earl and loses puck.
18:14 of 1st period - Snap shot by Tom Pyatt.
18:14 of 1st period - Stopped by Niklas Svedberg without a rebound.
18:15 of 1st period - Tyler Toffoli wins face-off versus Luke Adam in Punishers zone.
18:20 of 1st period - Slapshot by Tyler Toffoli.
18:20 of 1st period - Shot Misses the Net.
18:40 of 1st period - Morgan Rielly is hit by David Laliberté and loses puck.
18:41 of 1st period - Morgan Rielly from Monarchs is injured at 18:41 of 1st period (Broken Bone (Left Leg)).
18:42 of 1st period - Tom Pyatt wins face-off versus David Laliberté in Monarchs zone.
18:42 of 1st period - Tom Pyatt is hit by David Rundblad.
18:59 of 1st period - Minor Penalty to Robbie Earl for Hooking.
19:00 of 1st period - Tyler Toffoli wins face-off versus Miikka Salomaki in Punishers zone.
19:02 of 1st period - Wrist shot by Connor Brown.
19:02 of 1st period - Shot Misses the Net.
19:04 of 1st period - Slapshot by Colton Parayko.
19:04 of 1st period - Deflect By Connor Brown.
19:04 of 1st period - Stopped by Niklas Svedberg with a rebound.
19:06 of 1st period - Slapshot by Hampus Lindholm.
19:06 of 1st period - Shot Misses the Net.
19:26 of 1st period - Casey Cizikas is hit by Colton Parayko and loses puck.
Goals for this period are 3 for Punishers vs 2 for Monarchs .
Shots for this period are 19 for Punishers vs 10 for Monarchs .

2nd period


0:01 of 2nd period - Tyler Toffoli wins face-off versus Miikka Salomaki in neutral zone.
0:08 of 2nd period - Nick Schultz is hit by Connor Brown and loses puck.
0:23 of 2nd period - Colton Parayko is hit by Zack Hamill and loses puck.
0:30 of 2nd period - Teuvo Teravainen is hit by Casey Cizikas and loses puck.
0:59 of 2nd period - Penalty to Robbie Earl is over, Robbie Earl is back on ice.
1:30 of 2nd period - Minor Penalty to Nail Yakupov for High sticking.
1:31 of 2nd period - Zack Hamill wins face-off versus Riley Cote in Monarchs zone.
2:15 of 2nd period - Mattias Tedenby is hit by Riley Cote and loses puck.
2:29 of 2nd period - Slapshot by David Rundblad.
2:29 of 2nd period - Goal by David Rundblad - Punishers : 4 - Monarchs : 2.
2:30 of 2nd period - Tyler Toffoli wins face-off versus Zack Hamill in neutral zone.
2:34 of 2nd period - Off-side.
2:35 of 2nd period - Tyler Toffoli wins face-off versus Zack Hamill in neutral zone.
2:38 of 2nd period - Stefan Elliott is hit by Colton Parayko and loses puck.
2:45 of 2nd period - Snap shot by Robbie Earl.
2:45 of 2nd period - Deflect By Tyler Toffoli.
2:45 of 2nd period - Shot Misses the Net.
2:45 of 2nd period - Puck is out of play.
2:46 of 2nd period - Chris Tierney wins face-off versus Zack Hamill in Monarchs zone.
2:46 of 2nd period - Chris Tierney is hit by Robbie Earl.
2:57 of 2nd period - Off-side.
2:58 of 2nd period - Zack Hamill wins face-off versus Tyler Toffoli in neutral zone.
3:13 of 2nd period - Slapshot by Tyler Toffoli.
3:13 of 2nd period - Shot Misses the Net.
3:54 of 2nd period - Mattias Tedenby is hit by Igor Makarov and loses puck.
5:00 of 2nd period - Patrick Wiercioch is hit by Connor Brown and loses puck.
5:17 of 2nd period - Slapshot by David Rundblad.
5:17 of 2nd period - Shot Blocked by Ty Wishart.
5:52 of 2nd period - Snap shot by Tom Pyatt.
5:52 of 2nd period - Shot Blocked by Stefan Elliott.
6:08 of 2nd period - Slapshot by Stefan Elliott.
6:08 of 2nd period - Stopped by John Gibson with a rebound.
6:20 of 2nd period - Tyler Toffoli is hit by Robbie Earl and loses puck.
6:38 of 2nd period - Brock Nelson is hit by Mattias Tedenby and loses puck.
7:07 of 2nd period - Slapshot by Matt Tennyson.
7:07 of 2nd period - Stopped by Niklas Svedberg with a rebound.
7:25 of 2nd period - Tanner Glass is hit by Matt Tennyson and loses puck.
7:42 of 2nd period - Mattias Tedenby is hit by Colton Parayko and loses puck.
7:53 of 2nd period - Slapshot by Brock Nelson.
7:53 of 2nd period - Shot Misses the Net.
8:43 of 2nd period - Snap shot by Tanner Glass.
8:43 of 2nd period - Shot Misses the Net.
8:49 of 2nd period - Wrist shot by Mattias Tedenby.
8:49 of 2nd period - Shot Misses the Net.
8:51 of 2nd period - Slapshot by Stefan Elliott.
8:51 of 2nd period - Stopped by John Gibson with a rebound.
8:53 of 2nd period - Wrist shot by Tanner Glass.
8:53 of 2nd period - Stopped by John Gibson with a rebound.
9:13 of 2nd period - Wrist shot by Tanner Glass.
9:13 of 2nd period - Deflect By Mattias Tedenby.
9:13 of 2nd period - Stopped by John Gibson without a rebound.
9:14 of 2nd period - Chris Tierney wins face-off versus Zack Hamill in Monarchs zone.
9:29 of 2nd period - Wrist shot by Hampus Lindholm.
9:29 of 2nd period - Shot Blocked by David Laliberté.
9:44 of 2nd period - Wrist shot by Colton Gillies.
9:44 of 2nd period - Deflect By Miikka Salomaki.
9:44 of 2nd period - Shot Blocked by Hampus Lindholm.
9:44 of 2nd period - Puck is out of play.
9:45 of 2nd period - Tom Pyatt wins face-off versus Luke Adam in Monarchs zone.
10:00 of 2nd period - Slapshot by Teuvo Teravainen.
10:00 of 2nd period - Stopped by Niklas Svedberg without a rebound.
10:01 of 2nd period - Tyler Toffoli wins face-off versus Zack Hamill in Punishers zone.
10:26 of 2nd period - T.J Brodie is hit by Nick Schultz and loses puck.
11:33 of 2nd period - Slapshot by Luke Adam.
11:33 of 2nd period - Stopped by John Gibson with a rebound.
12:12 of 2nd period - Wrist shot by Tom Pyatt.
12:12 of 2nd period - Stopped by Niklas Svedberg without a rebound.
12:13 of 2nd period - Zack Hamill wins face-off versus Tyler Toffoli in Punishers zone.
12:18 of 2nd period - David Laliberté is hit by Tyler Toffoli and loses puck.
13:09 of 2nd period - Wrist shot by Nail Yakupov.
13:09 of 2nd period - Shot Misses the Net.
13:21 of 2nd period - David Rundblad is hit by Teuvo Teravainen and loses puck.
13:30 of 2nd period - Garret Ross is hit by Teuvo Teravainen and loses puck.
13:41 of 2nd period - Hampus Lindholm is hit by Zack Hamill and loses puck.
14:08 of 2nd period - Snap shot by Igor Makarov.
14:08 of 2nd period - Shot Misses the Net.
14:10 of 2nd period - Snap shot by Chris Tierney.
14:10 of 2nd period - Shot Misses the Net.
14:12 of 2nd period - Wrist shot by Igor Makarov.
14:12 of 2nd period - Shot Misses the Net.
14:20 of 2nd period - Minor Penalty to Mattias Tedenby for Holding.
14:21 of 2nd period - Robbie Earl wins face-off versus Tyler Toffoli in Punishers zone.
15:05 of 2nd period - Snap shot by Connor Brown.
15:05 of 2nd period - Stopped by Niklas Svedberg without a rebound.
15:06 of 2nd period - Robbie Earl wins face-off versus Chris Tierney in Punishers zone.
15:19 of 2nd period - Slapshot by Hampus Lindholm.
15:19 of 2nd period - Shot Misses the Net.
16:20 of 2nd period - Penalty to Mattias Tedenby is over, Mattias Tedenby is back on ice.
16:33 of 2nd period - Damon Severson is hit by Teuvo Teravainen and loses puck.
16:45 of 2nd period - Wrist shot by Mattias Tedenby.
16:45 of 2nd period - Shot Misses the Net.
17:06 of 2nd period - Snap shot by Mattias Tedenby.
17:06 of 2nd period - Shot Misses the Net.
17:08 of 2nd period - Wrist shot by Mattias Tedenby.
17:08 of 2nd period - Stopped by John Gibson with a rebound.
17:10 of 2nd period - Slapshot by Mattias Tedenby.
17:10 of 2nd period - Shot Misses the Net.
17:18 of 2nd period - Wrist shot by Tanner Glass.
17:18 of 2nd period - Stopped by John Gibson with a rebound.
17:34 of 2nd period - Wrist shot by David Laliberté.
17:34 of 2nd period - Shot Misses the Net.
18:04 of 2nd period - Wrist shot by Eric Wellwood.
18:04 of 2nd period - Deflect By David Laliberté.
18:04 of 2nd period - Stopped by Niklas Svedberg without a rebound.
18:05 of 2nd period - Chris Tierney wins face-off versus Luke Adam in Punishers zone.
18:39 of 2nd period - Snap shot by Oscar Sundqvist.
18:39 of 2nd period - Stopped by John Gibson without a rebound.
18:40 of 2nd period - Tom Pyatt wins face-off versus Oscar Sundqvist in Monarchs zone.
18:45 of 2nd period - Patrick Wiercioch is hit by Tom Pyatt and loses puck.
19:03 of 2nd period - Icing by Carter Ashton.
19:04 of 2nd period - Chris Tierney wins face-off versus Luke Adam in Punishers zone.
19:07 of 2nd period - Wrist shot by Brock Nelson.
19:07 of 2nd period - Shot Misses the Net.
19:35 of 2nd period - Snap shot by Cam Atkinson.
19:35 of 2nd period - Shot Blocked by Oscar Sundqvist.
19:53 of 2nd period - Slapshot by Hampus Lindholm.
19:53 of 2nd period - Stopped by Niklas Svedberg with a rebound.
19:55 of 2nd period - Slapshot by Hampus Lindholm.
19:55 of 2nd period - Shot Misses the Net.
Goals for this period are 1 for Punishers vs 0 for Monarchs .
Shots for this period are 9 for Punishers vs 6 for Monarchs .

3rd period


0:01 of 3rd period - Zack Hamill wins face-off versus Chris Tierney in neutral zone.
0:39 of 3rd period - Miikka Salomaki is hit by Hampus Lindholm and loses puck.
1:16 of 3rd period - Slapshot by Hampus Lindholm.
1:16 of 3rd period - Stopped by Niklas Svedberg without a rebound.
1:17 of 3rd period - Chris Tierney wins face-off versus Zack Hamill in Punishers zone.
1:49 of 3rd period - Snap shot by Igor Makarov.
1:49 of 3rd period - Shot Misses the Net.
1:51 of 3rd period - Wrist shot by Brock Nelson.
1:51 of 3rd period - Shot Blocked by Robbie Earl.
1:53 of 3rd period - Snap shot by Brock Nelson.
1:53 of 3rd period - Stopped by Niklas Svedberg without a rebound.
1:54 of 3rd period - Luke Adam wins face-off versus Tyler Toffoli in Punishers zone.
1:54 of 3rd period - Luke Adam is hit by Connor Brown.
2:02 of 3rd period - Wrist shot by Luke Adam.
2:02 of 3rd period - Stopped by John Gibson without a rebound.
2:03 of 3rd period - Connor Brown wins face-off versus Luke Adam in Monarchs zone.
2:34 of 3rd period - Snap shot by Miikka Salomaki.
2:34 of 3rd period - Stopped by John Gibson without a rebound.
2:35 of 3rd period - Tom Pyatt wins face-off versus Zack Hamill in Monarchs zone.
2:37 of 3rd period - Minor Penalty to Ludwig Bystrom for Hooking.
2:38 of 3rd period - Riley Cote wins face-off versus Zack Hamill in Monarchs zone.
2:55 of 3rd period - Off-side.
2:56 of 3rd period - Riley Cote wins face-off versus Tanner Glass in neutral zone.
3:01 of 3rd period - Mattias Tedenby is hit by Riley Cote and loses puck.
3:30 of 3rd period - Wrist shot by Zack Hamill.
3:30 of 3rd period - Shot Misses the Net.
4:37 of 3rd period - Penalty to Ludwig Bystrom is over, Ludwig Bystrom is back on ice.
4:44 of 3rd period - Slapshot by Colton Parayko.
4:44 of 3rd period - Shot Blocked by Colton Gillies.
4:46 of 3rd period - Slapshot by Colton Parayko.
4:46 of 3rd period - Goal by Colton Parayko - Punishers : 4 - Monarchs : 3.
4:47 of 3rd period - Tyler Toffoli wins face-off versus Casey Cizikas in neutral zone.
4:54 of 3rd period - Snap shot by Hampus Lindholm.
4:54 of 3rd period - Shot Blocked by Nick Schultz.
4:56 of 3rd period - Snap shot by Eric Wellwood.
4:56 of 3rd period - Shot Blocked by Nick Schultz.
4:58 of 3rd period - Snap shot by Eric Wellwood.
4:58 of 3rd period - Shot Blocked by Nick Schultz.
5:00 of 3rd period - Snap shot by Matt Tennyson.
5:00 of 3rd period - Shot Blocked by Tanner Glass.
5:02 of 3rd period - Wrist shot by Connor Brown.
5:02 of 3rd period - Shot Misses the Net.
5:12 of 3rd period - Nick Schultz is hit by Igor Makarov and loses puck.
5:19 of 3rd period - Snap shot by Igor Makarov.
5:19 of 3rd period - Shot Blocked by Nick Schultz.
5:21 of 3rd period - Wrist shot by Chris Tierney.
5:21 of 3rd period - Stopped by Niklas Svedberg without a rebound.
5:22 of 3rd period - Tom Pyatt wins face-off versus Zack Hamill in Punishers zone.
5:35 of 3rd period - Wrist shot by Cam Atkinson.
5:35 of 3rd period - Stopped by Niklas Svedberg with a rebound.
5:37 of 3rd period - Wrist shot by Cam Atkinson.
5:37 of 3rd period - Stopped by Niklas Svedberg with a rebound.
6:16 of 3rd period - Slapshot by Hampus Lindholm.
6:16 of 3rd period - Shot Misses the Net.
7:13 of 3rd period - Snap shot by Brock Nelson.
7:13 of 3rd period - Shot Misses the Net.
7:18 of 3rd period - Nick Schultz is hit by Matt Tennyson and loses puck.
7:37 of 3rd period - Matt Tennyson is hit by Zack Hamill and loses puck.
8:22 of 3rd period - Wrist shot by Cam Atkinson.
8:22 of 3rd period - Stopped by Niklas Svedberg with a rebound.
8:24 of 3rd period - Snap shot by Ty Wishart.
8:24 of 3rd period - Stopped by Niklas Svedberg with a rebound.
8:38 of 3rd period - Minor Penalty to Robbie Earl for Holding.
8:39 of 3rd period - Tyler Toffoli wins face-off versus Miikka Salomaki in Punishers zone.
8:41 of 3rd period - Slapshot by Hampus Lindholm.
8:41 of 3rd period - Goal by Hampus Lindholm - Punishers : 4 - Monarchs : 4.
8:42 of 3rd period - Tyler Toffoli wins face-off versus Zack Hamill in neutral zone.
8:55 of 3rd period - Wrist shot by Zack Hamill.
8:55 of 3rd period - Goal by Zack Hamill - Punishers : 5 - Monarchs : 4.
8:56 of 3rd period - Robbie Earl wins face-off versus Tom Pyatt in neutral zone.
9:22 of 3rd period - Teuvo Teravainen is hit by Colton Gillies and loses puck.
9:36 of 3rd period - Off-side.
9:37 of 3rd period - Zack Hamill wins face-off versus Tyler Toffoli in neutral zone.
9:44 of 3rd period - Slapshot by Hampus Lindholm.
9:44 of 3rd period - Shot Blocked by Zack Hamill.
9:46 of 3rd period - Snap shot by Connor Brown.
9:46 of 3rd period - Stopped by Niklas Svedberg without a rebound.
9:47 of 3rd period - Tyler Toffoli wins face-off versus Zack Hamill in Punishers zone.
9:54 of 3rd period - Jordan Schmaltz is hit by Ludwig Bystrom and loses puck.
10:19 of 3rd period - Off-side.
10:20 of 3rd period - Casey Cizikas wins face-off versus Chris Tierney in neutral zone.
10:31 of 3rd period - Slapshot by Hampus Lindholm.
10:31 of 3rd period - Stopped by Niklas Svedberg without a rebound.
10:32 of 3rd period - Zack Hamill wins face-off versus Tom Pyatt in Punishers zone.
10:37 of 3rd period - Slapshot by David Rundblad.
10:37 of 3rd period - Stopped by John Gibson with a rebound.
10:39 of 3rd period - Slapshot by David Rundblad.
10:39 of 3rd period - Shot Misses the Net.
10:41 of 3rd period - Snap shot by Zack Hamill.
10:41 of 3rd period - Stopped by John Gibson with a rebound.
10:43 of 3rd period - Minor Penalty to Colton Parayko for Tripping.
10:44 of 3rd period - Zack Hamill wins face-off versus Riley Cote in Monarchs zone.
10:50 of 3rd period - Slapshot by David Rundblad.
10:50 of 3rd period - Deflect By David Laliberté.
10:50 of 3rd period - Deflect By Cam Atkinson.
10:50 of 3rd period - Shot Blocked by Cam Atkinson.
10:50 of 3rd period - Puck is out of play.
10:51 of 3rd period - Riley Cote wins face-off versus Zack Hamill in Monarchs zone.
10:57 of 3rd period - Icing by Robbie Earl.
10:58 of 3rd period - Zack Hamill wins face-off versus Riley Cote in Punishers zone.
12:11 of 3rd period - Snap shot by Robbie Earl.
12:11 of 3rd period - Shot Misses the Net.
12:13 of 3rd period - Snap shot by Robbie Earl.
12:13 of 3rd period - Shot Blocked by Hampus Lindholm.
12:34 of 3rd period - Minor Penalty to Robbie Earl for Holding.
12:35 of 3rd period - Tyler Toffoli wins face-off versus Luke Adam in Punishers zone.
12:39 of 3rd period - Snap shot by Tyler Toffoli.
12:39 of 3rd period - Shot Misses the Net.
12:43 of 3rd period - Penalty to Colton Parayko is over, Colton Parayko is back on ice.
12:53 of 3rd period - Slapshot by Hampus Lindholm.
12:53 of 3rd period - Stopped by Niklas Svedberg with a rebound.
13:36 of 3rd period - Icing by Tyler Toffoli.
13:37 of 3rd period - Casey Cizikas wins face-off versus Tyler Toffoli in Monarchs zone.
14:34 of 3rd period - Penalty to Robbie Earl is over, Robbie Earl is back on ice.
14:54 of 3rd period - Off-side.
14:55 of 3rd period - Casey Cizikas wins face-off versus Tom Pyatt in neutral zone.
16:03 of 3rd period - Slapshot by Damon Severson.
16:03 of 3rd period - Shot Blocked by Alec Martinez.
16:05 of 3rd period - Snap shot by Damon Severson.
16:05 of 3rd period - Shot Blocked by Ludwig Bystrom.
16:07 of 3rd period - Slapshot by Damon Severson.
16:07 of 3rd period - Shot Blocked by Riley Cote.
16:09 of 3rd period - Snap shot by Stefan Elliott.
16:09 of 3rd period - Stopped by John Gibson with a rebound.
16:34 of 3rd period - Nail Yakupov is hit by Damon Severson and loses puck.
16:44 of 3rd period - Icing by Boone Jenner.
16:45 of 3rd period - Zack Hamill wins face-off versus Boone Jenner in Monarchs zone.
17:00 of 3rd period - Snap shot by Riley Cote.
17:00 of 3rd period - Shot Misses the Net.
17:02 of 3rd period - Backhand shot by Hampus Lindholm.
17:02 of 3rd period - Deflect By Boone Jenner.
17:02 of 3rd period - Shot Blocked by Zack Hamill.
17:02 of 3rd period - Puck is out of play.
17:03 of 3rd period - Chris Tierney wins face-off versus Luke Adam in Punishers zone.
17:04 of 3rd period - Snap shot by Brock Nelson.
17:04 of 3rd period - Stopped by Niklas Svedberg without a rebound.
17:05 of 3rd period - Luke Adam wins face-off versus Chris Tierney in Punishers zone.
17:38 of 3rd period - Slapshot by Eric Wellwood.
17:38 of 3rd period - Goal by Eric Wellwood - Punishers : 5 - Monarchs : 5.
17:39 of 3rd period - Luke Adam wins face-off versus Chris Tierney in neutral zone.
17:42 of 3rd period - Slapshot by David Rundblad.
17:42 of 3rd period - Deflect By Colton Gillies.
17:42 of 3rd period - Stopped by John Gibson with a rebound.
17:47 of 3rd period - Minor Penalty to Luke Adam for Hooking.
17:48 of 3rd period - Tyler Toffoli wins face-off versus Robbie Earl in Punishers zone.
19:09 of 3rd period - Miikka Salomaki is hit by Teuvo Teravainen and loses puck.
19:10 of 3rd period - Miikka Salomaki from Punishers is injured at 19:10 of 3rd period (Strained Left Elbow).
19:11 of 3rd period - Tyler Toffoli wins face-off versus Robbie Earl in Punishers zone.
19:14 of 3rd period - Snap shot by Hampus Lindholm.
19:14 of 3rd period - Shot Blocked by Zack Hamill.
19:24 of 3rd period - Wrist shot by Hampus Lindholm.
19:24 of 3rd period - Shot Blocked by David Rundblad.
19:26 of 3rd period - Slapshot by Colton Parayko.
19:26 of 3rd period - Shot Misses the Net.
19:42 of 3rd period - Slapshot by Eric Wellwood.
19:42 of 3rd period - Shot Misses the Net.
19:44 of 3rd period - Backhand shot by Chris Tierney.
19:44 of 3rd period - Shot Misses the Net.
19:46 of 3rd period - Backhand shot by Nail Yakupov.
19:46 of 3rd period - Deflect By Nick Schultz.
19:46 of 3rd period - Shot Misses the Net.
19:46 of 3rd period - Puck is out of play.
19:47 of 3rd period - Penalty to Luke Adam is over, Luke Adam is back on ice.
19:47 of 3rd period - Colton Gillies wins face-off versus Chris Tierney in Punishers zone.
19:47 of 3rd period - Colton Gillies is hit by Nail Yakupov.
Goals for this period are 1 for Punishers vs 3 for Monarchs .
Shots for this period are 7 for Punishers vs 14 for Monarchs .

Overtime #1


0:01 of 1st overtime period - Tyler Toffoli wins face-off versus Robbie Earl in neutral zone.
0:06 of 1st overtime period - Snap shot by Eric Wellwood.
0:06 of 1st overtime period - Stopped by Niklas Svedberg without a rebound.
0:07 of 1st overtime period - Robbie Earl wins face-off versus Tyler Toffoli in Punishers zone.
0:07 of 1st overtime period - Robbie Earl is hit by Colton Parayko.
0:21 of 1st overtime period - Slapshot by David Rundblad.
0:21 of 1st overtime period - Stopped by John Gibson without a rebound.
0:22 of 1st overtime period - Zack Hamill wins face-off versus Tyler Toffoli in Monarchs zone.
0:23 of 1st overtime period - Slapshot by David Rundblad.
0:23 of 1st overtime period - Stopped by John Gibson without a rebound.
0:24 of 1st overtime period - Robbie Earl wins face-off versus Tyler Toffoli in Monarchs zone.
0:27 of 1st overtime period - Snap shot by Robbie Earl.
0:27 of 1st overtime period - Shot Misses the Net.
0:29 of 1st overtime period - Slapshot by Nick Schultz.
0:29 of 1st overtime period - Shot Misses the Net.
0:31 of 1st overtime period - Snap shot by Robbie Earl.
0:31 of 1st overtime period - Shot Blocked by Colton Parayko.
1:15 of 1st overtime period - Snap shot by Colton Gillies.
1:15 of 1st overtime period - Stopped by John Gibson with a rebound.
1:17 of 1st overtime period - Snap shot by Colton Gillies.
1:17 of 1st overtime period - Shot Blocked by Colton Parayko.
1:19 of 1st overtime period - Wrist shot by Stefan Elliott.
1:19 of 1st overtime period - Stopped by John Gibson with a rebound.
1:21 of 1st overtime period - Snap shot by Luke Adam.
1:21 of 1st overtime period - Shot Misses the Net.
1:54 of 1st overtime period - Icing by Nail Yakupov.
1:55 of 1st overtime period - Robbie Earl wins face-off versus Nail Yakupov in Monarchs zone.
2:12 of 1st overtime period - Slapshot by Cam Atkinson.
2:12 of 1st overtime period - Goal by Cam Atkinson - Punishers : 5 - Monarchs : 6.
Goals for this period are 0 for Punishers vs 1 for Monarchs .
Shots for this period are 4 for Punishers vs 2 for Monarchs .